 Dungeon Crawl Stone Soup version 0.32-a0-612-g1c984fe9d1 (webtiles) character file.

Game seed: 6201063723496245620

12 CougarLife the Digger (level 2, 0/15 HPs)
             Began as a Gargoyle Earth Elementalist on Mar 5, 2024.
             Slain by a jackal (2 damage)
             ... on level 1 of the Dungeon.
             The game lasted 00:00:25 (330 turns).

CougarLife the Digger (Gargoyle Earth Elementalist)  Turns: 330, Time: 00:00:25

Health: 0/15       AC:  4    Str: 11    XL:     2   Next: 33%
Magic:  0/5        EV: 11    Int: 15    God:
Gold:   41         SH:  0    Dex: 10    Spells: 4/5 levels left

rFire   . . .        (no weapon)
rCold   . . .        (no shield)
rNeg    + . .        a - +0 robe
rPois   ∞            (no helmet)
rElec   +            (no cloak)
rCorr   .            (no gloves)
SInv    .            (no boots)
Will    .....        (no amulet)
Stlth   ++           (no ring)
HPRegen 0.22/turn    (no ring)
MPRegen 0.09/turn

%: no passive effects
@: no status effects
A: sickness immunity, AC +2, negative energy resistance 1, electricity
resistance, torment resistance 1, petrification resistance
a: no special abilities


You were on level 1 of the Dungeon.
You visited 1 branch of the dungeon, and saw 1 of its levels.

You collected 41 gold pieces.

Inventory:

Armour
 a - a +0 robe (worn)
Scrolls
 c - a scroll of teleportation {unknown}
 d - a scroll of immolation {unknown}
Potions
 b - a potion of magic


   Skills:
 - Level 1.5 Dodging
 - Level 2.1 Stealth
 + Level 2.2 Spellcasting
 + Level 1.6 Conjurations
 + Level 4.0 Earth Magic


You had 4 spell levels left.
You knew the following spells:

 Your Spells              Type           Power      Damage    Failure   Level
a - Sandblast             Erth           26%        2d8       4%          1

Your spell library contained the following spells:

 Spells                   Type           Power      Damage    Failure   Level
 Passwall                 Erth           13%        N/A       13%         3
 Sting                    Conj/Alch      16%        1d4       16%         1
 Stone Arrow              Conj/Erth      20%        3d8       21%         3
 Apportation              Tloc           2%         N/A       22%         1
 Necrotise                Necr           4%         1d4       22%         1
 Summon Small Mammal      Summ           4%         N/A       22%         1
 Brom's Barrelling Bould  Conj/Erth      10%        2d3       56%         4
 Petrify                  Alch/Erth      7%         N/A       67%         4


Dungeon Overview and Level Annotations

Branches:
Dungeon (1/15)

Altars:

Shops:
D:1 *


Innate Abilities, Weirdness & Mutations

You are immune to sickness and miasma.
Your stone body is resilient. (AC +2)
You are immune to poison.
You resist negative energy. (rN+)
You are resistant to electric shocks. (rElec)
You are resistant to unholy torment.
You are immune to petrification.


Message History

The frilled lizard bites you.
The blast of sand misses the frilled lizard.
The blast of sand misses the jackal.
The frilled lizard bites you but does no damage.
You are out of magic!
You are out of magic!
You are out of magic!
You closely miss the frilled lizard.
The frilled lizard bites you but does no damage.
You miss the frilled lizard.
The frilled lizard unfolds its giant frill.
The frilled lizard bites you.
You closely miss the frilled lizard. The frilled lizard bites you.
You hit the frilled lizard.
You kill the frilled lizard!
The jackal bites you.
You hit the jackal but do no damage.
The jackal bites you but does no damage.
You hit the jackal but do no damage.
The jackal bites you but does no damage.
The jackal bites you.
You miss the jackal. The jackal barely misses you.
You hit the jackal.
The jackal is heavily wounded.
The jackal barely misses you.
Casting: Sandblast (safe; 4% risk of failure)
Confirm with . or Enter, or press ? or * to list all spells.
Aiming: Sandblast (safe; 4% risk of failure)
Press: ? - help, Shift-Dir - straight line, f - jackal
Aim: a jackal (heavily wounded, 77% to hit)
The blast of sand misses the jackal.
The blast of sand hits the jackal!
You kill the jackal!
The jackal bites you.
* * * LOW HITPOINT WARNING * * *
The jackal bites you.
* * * LOW HITPOINT WARNING * * *
The jackal closely misses you.
Your Earth Magic skill increases to level 4!
The jackal attacks as it pursues you! The jackal bites you.
You die...

#......###...#....
#......# .#..##..
####......# #.#.#
### .##.........#
#.#####
.............#
#...<>.
...###......#
#...##### ##.
#......# #. # ...
#.###### . #.###@#
. ...#h# .. [.
#.#.# .. ....
#...# ...
.....#...#
..........#
#####.....#
#.....†.h....
#........>...


You could see a jackal.

Vanquished Creatures
  An endoplasm (D:1)
  2 giant cockroaches (D:1)
  4 jackals (D:1)
  2 ball pythons (D:1)
  2 frilled lizards (D:1)
11 creatures vanquished.

Notes
Turn   | Place    | Note
-------+----------+-------------------------------------------
     0 | D:1      | CougarLife the Gargoyle Earth Elementalist began the quest
                  | for the Orb.
     0 | D:1      | Reached XP level 1. HP: 10/10 MP: 3/3
    46 | D:1      | Found Ucyniz's Assorted Antiques.
   116 | D:1      | Reached XP level 2. HP: 9/15 MP: 0/5
   330 | D:1      | Reached skill level 4 in Earth Magic
   330 | D:1      | Slain by a jackal

Illustrated notes

Levels and vault maps discovered:
D:1:      dpeg_arrival_tiny_j, layout_rooms, serial_shops, shop, st_stairs_6,
          minmay_misc_feat_tower, hangedman_abyss_or_decor_lesser_grid

Skill      XL: |  1  2 |
---------------+-------+-----
Earth Magic    | 4 |  4.0
Dodging        | |  1.5
Stealth        | |  2.1
Spellcasting   | |  2.2
Conjurations   | |  1.6

Action                     || total
---------------------------++-------
  Melee: Unarmed           ||    16
   Cast: Sandblast         ||    15
 Armour: Robe              ||    26
  Dodge: Dodged            ||    25

Table legend: (Time is in decaauts)
 A = Elapsed time spent in this place.
 B = Non-inter-level travel time spent in this place.
 C = Inter-level travel time spent in this place.
 D = Time resting spent in this place.
 E = Time spent auto-exploring this place.
 F = Levels seen in this place.
 G = Mean time per level.
                   A        B        C        D        E       F      G
               +--------+--------+--------+--------+--------+-----+--------+
         Total |    337 |    337 |      0 |    149 |    111 |   1 |  337.0 |
       Dungeon |    337 |    337 |      0 |    149 |    111 |   1 |  337.0 |
               +--------+--------+--------+--------+--------+-----+--------+

Top non-repeatable levels by time:
     D:1: 337 daAuts
